 Dungeon Crawl Stone Soup version 0.22.0-16-gc6d26f6 (webtiles) character file.

1731 Amnesiac the Gusty (level 8, -8/52 HPs)
             Began as a Mummy Air Elementalist on Aug 18, 2018.
             Was a Believer of Dithmenos.
             Mangled by a war axe of chaos (21 damage)
             ... on level 6 of the Dungeon.
             The game lasted 00:15:36 (10150 turns).

Amnesiac the Gusty (Mummy Air Elementalist)        Turns: 10150, Time: 00:15:37

Health: -8/52      AC:  5    Str: 11    XL:     8   Next: 76%
Magic:  11/19      EV: 12    Int: 17    God:    Dithmenos [**....]
Gold:   401        SH:  6    Dex: 12    Spells: 16/21 levels left

rFire    . . .     SeeInvis .   a - +2 spear (venom)
rCold    + . .     Gourm    .   d - +1 buckler
rNeg     + + +     Faith    .   r - +2 robe {rF+}
rPois    ∞         Spirit   .   (no helmet)
rElec    .         Reflect  .   (no cloak)
rCorr    .         Harm     .   (no gloves)
MR       +....                  l - +0 pair of boots
Stlth    +++.......             (no amulet)
HPRegen  0.17/turn              n - ring of stealth
MPRegen  0.16/turn              u - ring of positive energy

@: wreathed by umbra
A: no food or potions, fire vulnerability, cold resistance 1, negative energy
resistance 3, torment resistance, unbreathing
a: Shadow Step, Renounce Religion


You were on level 6 of the Dungeon.
You worshipped Dithmenos.
Dithmenos was pleased with you.
You were not hungry.

You visited 2 branches of the dungeon, and saw 7 of its levels.
You also visited: Sewer.

You collected 401 gold pieces.

Inventory:

Hand Weapons
 a - a +2 spear of venom (weapon)
 e - a +0 hunting sling
 f - a +0 blowgun
 t - a +1 dagger of venom
Missiles
 g - 122 stones (quivered)
 m - 33 sling bullets
Armour
 d - a +1 buckler (worn)
 l - a +0 pair of boots (worn)
 r - a +2 robe of fire resistance (worn)
Jewellery
 n - a ring of stealth (left hand)
 u - a ring of positive energy (right hand)
Wands
 h - a wand of random effects (12)
Scrolls
 b - 6 scrolls of fear {!r}
 c - 3 scrolls of amnesia {!r, unknown}
 i - a scroll of enchant armour {!r}
 j - 4 scrolls of teleportation {!r, unknown}
 k - 2 scrolls of magic mapping {!r}
 o - 2 scrolls of remove curse {!r, unknown}
 p - 3 scrolls of identify {!r, unknown}
 q - 2 scrolls of immolation {!r, unknown}
 s - a scroll of enchant weapon {!r, unknown}
 v - a scroll of random uselessness {!r, unknown}


   Skills:
 - Level 1.5 Dodging
 - Level 1.5 Stealth
 - Level 4.0 Shields
 + Level 7.3 Spellcasting
 - Level 0.7 Conjurations
 * Level 7.4 Air Magic


You had 16 spell levels left.
You knew the following spells:

 Your Spells              Type           Power        Failure   Level  Hunger
a - Shock                 Conj/Air       ###.         2%          1    N/A
d - Airstrike             Air            ####......   5%          4    N/A

Your spell library contained the following spells:

 Spells                   Type           Power        Failure   Level  Hunger
 Lightning Bolt           Conj/Air       ###.......   52%         5    N/A
 Animate Dead             Necr           N/A          73%         4    N/A
 Pain                     Necr           #...         11%         1    N/A
 Animate Skeleton         Necr           N/A          11%         1    N/A
 Vampiric Draining        Necr           #.........   32%         3    N/A
 Regeneration             Chrm/Necr      #.........   32%         3    N/A
 Swiftness                Chrm/Air       ###.....     3%          2    N/A
 Static Discharge         Conj/Air       ###.....     6%          3    N/A

Dungeon Overview and Level Annotations

Branches:
Dungeon (6/15)             Temple (1/1) D:4

Altars:
Ashenzari
Dithmenos
Gozag
Hepliaklqana
Kikubaaqudgha
Makhleb
Nemelex Xobeh
Okawaru
Ru
Sif Muna
Trog
Uskayaw
Wu Jian
Xom
Yredelemnul
The Shining One

Shops:
D:4 *

Annotations:
D:6 frankhovis's ghost, novice FoSk


Innate Abilities, Weirdness & Mutations

You do not eat or drink.
Your flesh is vulnerable to fire.
You are immune to poison.
Your flesh is cold resistant. (rC+)
You are immune to negative energy. (rN+++)
You are immune to unholy pain and torment.
You can survive without breathing.


Message History

Casting: Shock (safe; 2% risk of failure)
Confirm with . or Enter, or press ? or * to list all spells.
Aiming: Shock (safe; 2% risk of failure)
Press: ? - help, Shift-Dir - straight line, f/p - worker ant
Aim: a worker ant (almost dead, umbra)
The zap hits the worker ant.
The worker ant appears unharmed.
The worker ant is almost dead.
The zap hits the worker ant.
The worker ant is almost dead.
The worker ant bites you but does no damage.
Casting: Shock (safe; 2% risk of failure)
Confirm with . or Enter, or press ? or * to list all spells.
Aiming: Shock (safe; 2% risk of failure)
Press: ? - help, Shift-Dir - straight line, f/p - worker ant
Aim: a worker ant (almost dead, umbra)
The zap misses the worker ant.
The zap hits the worker ant.
The worker ant appears unharmed.
The worker ant is almost dead.
The worker ant bites you.
Casting: Shock (safe; 2% risk of failure)
Confirm with . or Enter, or press ? or * to list all spells.
Aiming: Shock (safe; 2% risk of failure)
Press: ? - help, Shift-Dir - straight line, f/p - worker ant
Aim: a worker ant (almost dead, umbra)
The zap hits the worker ant.
You kill the worker ant!
Dithmenos accepts your kill.
Casting: Shock (safe; 2% risk of failure)
Confirm with . or Enter, or press ? or * to list all spells.
You can't see any susceptible monsters within range! (Use Z to cast anyway.)
You see here a worker ant corpse.
You now have 401 gold pieces (gained 16).
Key pressed, stopping explore.
HP restored.
Partly explored, can't reach some items.
Partly explored, can't reach some items.
Partly explored, can't reach some items.
Partly explored, can't reach some items.
Partly explored, can't reach some items.
Press: ? - help, v - describe, . - travel, g - get item
Here: a war axe of chaos (umbra, fire blocked by a translucent stone wall) 8 gold pieces.
A shimmering altar of Xom.
As you open the door, it creaks loudly! The war axe of chaos hits you!
Casting: Shock (safe; 2% risk of failure)
Confirm with . or Enter, or press ? or * to list all spells.
Aiming: Airstrike (safe; 5% risk of failure)
Press: ? - help, Dir - move target cursor, f - war axe of chaos
Aim: a war axe of chaos (umbra)
The air twists around and violently strikes the war axe of chaos!
The war axe of chaos is heavily damaged.
The war axe of chaos hits you!!
* * * LOW HITPOINT WARNING * * *
Casting: Airstrike (safe; 5% risk of failure)
Confirm with . or Enter, or press ? or * to list all spells.
Aiming: Airstrike (safe; 5% risk of failure)
Press: ? - help, Dir - move target cursor, f/p - war axe of chaos
Aim: a war axe of chaos (heavily damaged, umbra)
The air twists around and violently strikes the war axe of chaos!
The war axe of chaos is severely damaged.
The war axe of chaos barely misses you. The war axe of chaos hits you!!
You die...

.....# #...# #.......#
###### #...# ####.##.##.##
##[## #.......##.##
######.###.##.#.....##
##.##$#...#.##.#.###.##
#..#._'.!......#.###...
##.##.#.W.#.#........##
######(!###(#>#.#.##.######
#.......##@##†#......# #
#.####..##.##.###....# #
#.# ##.......# ####.# #.#
####.#### #.# #.# ###.###
#.# #.### #.....# ####.#
##...## #.....# ##.##.#
#.###.# #.....###...#.# #.#
#.# #.....##......#


You could see a war axe of chaos and frankhovis's ghost.

Vanquished Creatures
  Sigmund (D:4)
  Menkaure (D:6)
  A water moccasin (D:6)
  An ice beast (D:6)
  An orc warrior (D:6)
  An ogre (D:4)
  A centaur (D:6)
  A bullfrog (D:6)
  A scorpion (D:5)
  2 howler monkeys
  4 hounds
  A bullfrog zombie (D:6)
  An orc priest (D:6)
  4 bullfrog skeletons
  5 orc wizards
  An iguana (D:5)
  Natasha (thrice) (D:2)
  2 worker ants
  7 adders
  A shadow imp (D:5)
  2 oozes (D:4)
  An adder skeleton (D:6)
  3 worms
  3 dart slugs
  3 leopard geckos
  22 orcs
  6 bats
  5 giant cockroaches
  6 goblins
  5 hobgoblins
  11 jackals
  10 kobolds
  2 quokkas
  7 ball pythons
  8 frilled lizards
  9 rats
  6 plants (Sewer)
149 creatures vanquished.

Notes
Turn   | Place    | Note
-------+----------+-------------------------------------------
     0 | D:1      | Amnesiac the Mummy Air Elementalist began the quest for the Orb.
     0 | D:1      | Reached XP level 1. HP: 13/13 MP: 4/4
   999 | D:3      | Reached XP level 2. HP: 13/19 MP: 1/5
  1126 | D:4      | Reached XP level 3. HP: 24/24 MP: 3/7
  1169 | D:5      | Entered Level 5 of the Dungeon
  1234 | D:5      | Reached XP level 4. HP: 30/30 MP: 9/9
  1344 | D:5      | Found a glowing drain.
  1348 | Sewer    | Entered a sewer
  1678 | Sewer    | Reached skill level 1 in Shields
  3376 | D:4      | Found Yreohish's General Store.
  3388 | D:4      | Found a sparkling altar of Nemelex Xobeh.
  3430 | D:4      | Learned a level 4 spell: Airstrike
  3530 | D:3      | Found a shattered altar of Ashenzari.
  3571 | D:3      | Reached XP level 5. HP: 19/35 MP: 0/11
  3970 | D:4      | Found a staircase to the Ecumenical Temple.
  3976 | Temple   | Entered the Ecumenical Temple
  4115 | Temple   | Became a worshipper of Dithmenos the Shadowed
  4779 | D:2      | Found a sacrificial altar of Ru.
  5040 | D:2      | Noticed Sigmund
  5354 | D:2      | Noticed Natasha
  5396 | D:2      | Killed Natasha
  5552 | D:2      | Reached XP level 6. HP: 41/41 MP: 8/12
  5578 | D:2      | Noticed Natasha
  5737 | D:2      | Found a sacrificial altar of Ru.
  5750 | D:2      | Killed Natasha
  5851 | D:2      | Noticed Natasha
  5863 | D:2      | Killed Natasha
  6271 | D:3      | Found a hide-covered altar of Uskayaw.
  6420 | D:3      | Reached * piety under Dithmenos
  6628 | D:2      | Found a sacrificial altar of Ru.
  7508 | D:4      | Reached skill level 5 in Air Magic
  7514 | D:4      | Reached skill level 5 in Spellcasting
  7823 | D:4      | Reached XP level 7. HP: 46/46 MP: 0/14
  8049 | D:4      | Killed Sigmund
  8468 | D:5      | Found a burning altar of Makhleb.
  8949 | D:6      | Noticed Menkaure
  9141 | D:6      | Reached XP level 8. HP: 46/52 MP: 8/17
  9144 | D:6      | Reached ** piety under Dithmenos
  9859 | D:6      | Killed Menkaure
  9971 | D:6      | Found a runed door.
  9971 | D:6      | Found a shimmering altar of Xom.
  9971 | D:6      | Noticed a war axe of chaos
  9971 | D:6      | Noticed frankhovis's ghost (novice FoSk)
 10150 | D:6      | Mangled by a war axe of chaos

Skill      XL: |  1  2  3  4  5  6  7  8 |
---------------+-------------------------+-----
Spellcasting   | 3 4 5 6 7 |  7.3
Air Magic      | 3 4 5 6 7 |  7.4
Shields        | 1 2 3 4 |  4.0
Dodging        | |  1.5
Stealth        | |  1.5
Conjurations   | |  0.7

Action                   |  1- 3 |  4- 6 |  7- 9 || total
-------------------------+-------+-------+-------++-------
Melee: Unarmed           |     7 |   994 |       ||  1001
       Spear             |       |    27 |    10 ||    37
 Fire: Hunting sling     |     1 |    85 |       ||    86
 Cast: Shock             |    33 |   239 |   113 ||   385
       Airstrike         |       |     2 |     8 ||    10
Evoke: Wand              |     2 |     1 |       ||     3
  Use: Scroll            |       |     3 |       ||     3
 Stab: Sleeping          |       |     1 |       ||     1
Armor: Robe              |     5 |    31 |    12 ||    48
Dodge: Dodged            |    18 |    96 |    42 ||   156
Block: Buckler           |       |    31 |    21 ||    52
